 Dungeon Crawl Stone Soup version 0.17.0-7-gfadd4cc (console) character file.

17 gw the Grasshopper (level 2, -2/22 HPs)
             Began as a Mummy Warper on Nov 8, 2015.
             Slain by a goblin
             ... wielding a +0 spear
              (3 damage)
             ... on level 1 of the Dungeon.
             The game lasted 00:00:27 (423 turns).

gw the Grasshopper (Mummy Warper)                    Turns: 423, Time: 00:00:27

Health: -2/22      AC:  3    Str: 14    XL:     2   Next: 44%
Magic:  1/5        EV: 11    Int: 12    God:
Gold:   16         SH:  0    Dex: 11    Spells: 3 memorised, 0 levels left

rFire  x . .     SeeInvis .     a - +0 mace
rCold  + . .     Clarity  .     b - +0 leather armour
rNeg   + + +     SustAt   .     (no shield)
rPois  ∞         Gourm    .     (no helmet)
rElec  .         Spirit   .     (no cloak)
rCorr  .         Warding  .     (no gloves)
rMut   .         Stasis   .     (no boots)
MR     .....                    (no amulet)
Stlth  +.........               (no ring)
                                (no ring)

@: not resistant to hostile enchantments, very unstealthy
A: no food or potions, fire vulnerability, cold resistance 1, negative energy
resistance 3, torment resistance, unbreathing
a: no special abilities


You were on level 1 of the Dungeon.
You were not hungry.

You visited 1 branch of the dungeon, and saw 1 of its levels.

You collected 16 gold pieces.

Inventory:

Hand Weapons
 a - a +0 mace (weapon)
Missiles
 e - a tomahawk of dispersal (quivered)
 f - 30 stones
Armour
 b - a +0 leather armour (worn)
Scrolls
 d - a scroll of blinking
Books
 c - a book of Spatial Translocations

   Spells                             Type                      Level
   a - Apportation                    Translocation                1
   b - Blink                          Translocation                2
   c - Shroud of Golubria             Charms/Translocation         2
   d - Portal Projectile              Translocation                3
   e - Teleport Other                 Translocation                3
   f - Passage of Golubria            Translocation                4


   Skills:
 + Level 2.1 Fighting
 + Level 1.7 Maces & Flails
 + Level 1.0 Throwing
 + Level 0.8 Armour
 - Level 1.5 Dodging
 * Level 2.3 Spellcasting
 + Level 2.6 Translocations


You couldn't memorise any spells.
You knew the following spells:

 Your Spells              Type           Power        Failure   Level  Hunger
a - Apportation           Tloc           #.........   12%         1    N/A
b - Blink                 Tloc           N/A          17%         2    N/A
c - Shroud of Golubria    Chrm/Tloc      #.........   34%         2    N/A

Dungeon Overview and Level Annotations

Branches:
Dungeon (1/15)

Altars:


Innate Abilities, Weirdness & Mutations

You do not eat or drink.
Your flesh is vulnerable to fire.
You are immune to poison.
Your flesh is cold resistant.
You are immune to negative energy.
You are immune to unholy pain and torment.
You can survive without breathing.


Message History

The giant cockroach bites you but does no damage.
Unknown command.
Unknown command.
Unknown command.
Unknown command.
ATTACK MOVE TO (1,0)
You barely miss the giant cockroach.
The giant cockroach is heavily wounded.
The giant cockroach closely misses you. The goblin barely misses you.
Your magical contamination has completely faded away.
Unknown command.
Unknown command.
Unknown command.
Unknown command.
ATTACK MOVE TO (1,0)
You hit the giant cockroach but do no damage.
The giant cockroach is moderately wounded.
The giant cockroach bites you.
The goblin hits you from afar with a spear.
You die...

#....~...~...###.?.#
##...~.<.~....##...#
#...~...~..###....#
#.....~~~.....##..##
#.............##..#
###..........###.%####
##........####.....#
##......####....^.#
#.....##
#Msg....###### ##.....
####..#.......
##...###### ##.## #.#
.g.......# #######..#
#..# ....


You could see a giant cockroach and a goblin.

Table legend:
 A = Turns spent in this place as a percentage of turns spent in the entire game.
 B = Non-inter-level travel turns spent in this place as a percentage of non-inter-level travel turns spent in the entire game.
 C = Inter-level travel turns spent in this place as a percentage of turns spent in this place.
 D = Turns resting spent in this place as a percentage of non-inter-level travel turns spent in this place.
 E = Turns spent auto-exploring this place as a percentage of non-inter-level travel turns spent in this place.
 F = Non-inter-level travel turns spent in this place divided by the number of levels of this place that you've seen.
                   A       B       C       D       E      F
               +-------+-------+-------+-------+-------+----------------------
         Total | 100.0 | 100.0 |   0.0 |   2.9 |   2.4 | 617.0
       Dungeon | 100.0 | 100.0 |   0.0 |   2.9 |   2.4 | 617.0
               +-------+-------+-------+-------+-------+----------------------

Table legend:
 A = Kills in this place as a percentage of kills in entire the game.
 B = Kills by you in this place as a percentage of kills by you in the entire game.
 C = Kills by friends in this place as a percentage of kills by friends in the entire game.
 D = Other kills in this place as a percentage of other kills in the entire game.
 E = Experience gained in this place as a percentage of experience gained in the entire game.
 F = Experience gained in this place divided by the number of levels of this place that you have seen.
                   A       B       C       D       E      F
               +-------+-------+-------+-------+-------+----------------------
         Total | 100.0 | 100.0 |  -nan |  -nan | 100.0 |  25.0
       Dungeon | 100.0 | 100.0 |  -nan |  -nan | 100.0 |  25.0
               +-------+-------+-------+-------+-------+----------------------

Vanquished Creatures
  A gnoll (D:1)
  A goblin (D:1)
  A hobgoblin (D:1)
  3 kobolds (D:1)
  2 rats (D:1)
8 creatures vanquished.

Notes
Turn   | Place    | Note
--------------------------------------------------------------
     0 | D:1      | gw the Mummy Warper began the quest for the Orb.
     0 | D:1      | Reached XP level 1. HP: 16/16 MP: 3/3
    17 | D:1      | Reached skill level 1 in Throwing
    17 | D:1      | Reached XP level 2. HP: 16/22 MP: 5/5
    93 | D:1      | Learned a level 2 spell: Blink
    96 | D:1      | Learned a level 2 spell: Shroud of Golubria
   423 | D:1      | HP: 1/22 [giant cockroach (1)]
   423 | D:1      | Slain by a goblin

Action                   || total
-------------------------++-------
Melee: Mace              ||    27
Throw: Tomahawk          ||     4
 Cast: Shroud of Golubri ||     6

Vault maps used:
D:1:      enne_arrival_octagon_isle, kennysheep_decorative_pillar,
          lemuel_old_faithful
